Map: Nightscape LE

Players

eggy

  • Race: Protoss Protoss
  • Spawn Location: 7:00

CheeseGrater

  • Race: Protoss Protoss
  • League: Diamond
  • Spawn Location: 7:00

Massa - Winner!

  • Race: Terran Terran
  • League: Platinum
  • Spawn Location: 1:00

qqq - Winner!

  • Race: Protoss Protoss
  • Spawn Location: 1:00

VOD

Have the link to the VOD?

Description

Time

  • Played on: Nov. 8, 2020, 3:01 p.m.
  • Length: 12:31
Show
View Real Time Build Order
Export as new Build Order

eggy Protoss 

Build Orders:  

Get SALT Encoding   

  12  0:00  Probe  
  13  0:12  Probe  
  14  0:18  Pylon  
  14  0:25  Probe  
  15  0:36  Gateway  
  15  0:42  Probe (Chrono Boost)  
  16  0:51  Probe (Chrono Boost)  
  16  0:54  Assimilator  
  16  0:56  Probe (Chrono Boost)  
  18  1:13  Probe  
  19  1:26  Probe  
  20  1:38  Probe  
  21  1:42  Cybernetics Core  
  15  2:54  Shield Battery  
  14  2:58  Shield Battery  
  13  3:21  Pylon  
  13  3:25  Pylon  
  6  4:41  Nexus  
  6  5:15  Pylon  
  6  5:55  Probe (Chrono Boost)  
  7  6:07  Probe (Chrono Boost)  
  8  6:11  Probe (Chrono Boost)  
  9  6:22  Probe  
  10  6:34  Probe  
  11  6:41  Gateway  
  11  6:46  Probe  
  12  6:57  Assimilator  
  12  6:59  Probe  
  13  7:11  Probe  
  14  7:23  Probe  
  14  7:29  Cybernetics Core  
  15  7:35  Probe  
  15  7:36  Assimilator  
  16  7:47  Probe  
  17  7:59  Probe, Pylon  
  17  8:03  Warp Gate (Chrono Boost)  
  18  8:12  Probe  
  19  8:23  Twilight Council  
  19  8:24  Probe (Chrono Boost)  
  20  8:36  Probe (Chrono Boost)  
  21  8:42  Probe (Chrono Boost)  
  21  8:43  Gateway  
  22  8:50  Probe  
  23  9:02  Probe (Chrono Boost)  
  24  9:05  Dark Shrine  
  24  9:11  Pylon  
  24  9:14  Probe (Chrono Boost)  
  25  9:57  Forge  
  20  10:31  Pylon  
Show
View Real Time Build Order
Export as new Build Order

CheeseGrater Protoss 

Build Orders: 1 Gate Expand 

Get SALT Encoding   

  12  0:00  Probe  
  13  0:12  Probe  
  14  0:18  Pylon  
  14  0:24  Probe  
  15  0:37  Probe (Chrono Boost)  
  15  0:39  Gateway  
  16  0:46  Probe (Chrono Boost)  
  16  0:47  Assimilator  
  17  0:51  Probe (Chrono Boost)  
  18  1:03  Probe  
  19  1:27  Cybernetics Core  
  19  1:35  Pylon  
  19  1:38  Nexus  
  19  1:42  Probe  
  20  1:50  Zealot (Chrono Boost)  
  22  1:56  Gateway  
  22  2:03  Assimilator, Warp Gate  
  22  2:09  Robotics Facility  
  22  2:15  Probe  
  23  2:27  Probe  
  23  2:29  Stalker (Chrono Boost)  
  26  2:40  Stalker (Chrono Boost)  
  26  2:58  Probe  
  27  3:00  Immortal (Chrono Boost)  
  27  3:05  Shield Battery  
  31  3:15  Pylon  
  31  3:18  Probe, Pylon  
  30  3:30  Probe  
  30  3:33  Stalker x2  
  35  3:43  Probe  
  36  3:53  Immortal  
  40  4:00  Probe  
  41  4:12  Probe  
  42  4:28  Probe  
  43  4:33  Immortal  
  47  4:42  Probe  
  46  4:52  Stalker  
  46  4:54  Probe  
  46  4:57  Gateway  
  47  5:00  Gateway  
  47  5:02  Gateway  
  47  5:05  Pylon  
  47  5:21  Nexus  
  47  5:25  Pylon  
  47  5:30  Probe  
  49  5:42  Probe (Chrono Boost)  
  49  5:43  Robotics Bay  
  49  5:46  Observer (Chrono Boost)  
  50  5:54  Probe (Chrono Boost)  
  51  6:03  Probe (Chrono Boost)  
  52  6:15  Twilight Council  
  52  6:19  Probe (Chrono Boost)  
  52  6:20  Assimilator  
  52  6:24  Assimilator  
  53  6:31  Probe (Chrono Boost), Colossus (Chrono Boost)  
  60  6:38  Extended Thermal Lance  
  60  6:39  Probe (Chrono Boost)  
  61  6:45  Probe  
  61  6:46  Probe  
  63  6:57  Probe  
  63  6:58  Probe  
  65  7:03  Zealot x5  
  75  7:09  Probe  
  75  7:12  Charge (Chrono Boost)  
  76  7:17  Probe  
  76  7:21  Probe, Pylon  
  78  7:30  Pylon  
  78  7:36  Colossus (Chrono Boost)  
  78  7:42  Forge  
  84  7:54  Stalker x5  
  94  8:15  Protoss Ground Weapons Level 1  
  94  8:31  Pylon  
  94  8:33  Pylon  
  86  8:36  Pylon  
  86  8:38  Zealot  
  69  8:51  Zealot  
  69  8:52  Zealot x3  
  66  9:10  Stalker  
  66  9:18  Stalker x4  
  70  9:31  Probe x2  
  62  9:33  Blink (Chrono Boost)  
  62  9:43  Probe x2  
  64  9:52  Warp Prism (Chrono Boost)  
  64  9:53  Dark Shrine  
  64  9:55  Probe (Chrono Boost)  
  64  9:57  Probe (Chrono Boost)  
  69  10:07  Probe (Chrono Boost)  
  69  10:12  Probe (Chrono Boost)  
  69  10:14  Probe (Chrono Boost)  
  71  10:19  Probe  
  72  10:21  Probe  
  73  10:30  Nexus  
  73  10:33  Pylon  
  73  11:09  Dark Templar x5  
  83  11:13  Photon Cannon  
  83  11:16  Photon Cannon  
  83  11:20  Photon Cannon  
  79  11:45  Probe (Chrono Boost)  
  74  11:49  Probe (Chrono Boost)  
  74  11:50  Probe (Chrono Boost)  
  75  11:54  Probe (Chrono Boost)  
  75  11:55  Stalker x3  
  75  11:56  Stalker x2  
  75  11:58  Probe x2 (Chrono Boost)  
  87  12:02  Gateway  
  87  12:05  Gateway  
  87  12:08  Probe, Gateway  
  88  12:15  Nexus  
Show
View Real Time Build Order
Export as new Build Order

Massa Terran - Winner!

Build Orders: Gas First Reaper Expand 

Get SALT Encoding   

  12  0:00  SCV  
  13  0:12  SCV  
  14  0:22  Supply Depot  
  14  0:24  SCV  
  15  0:31  Refinery  
  15  0:43  SCV  
  15  0:45  Barracks  
  16  0:55  SCV  
  17  1:08  SCV  
  18  1:33  SCV  
  19  1:41  Reaper  
  19  1:45  Orbital Command  
  20  1:47  Command Center  
  20  2:11  SCV  
  21  2:19  Command Center  
  21  2:23  SCV  
  21  2:25  Marine  
  23  2:59  SCV  
  23  3:00  Marine  
  25  3:10  Orbital Command  
  25  3:11  SCV, Supply Depot  
  26  3:14  Factory  
  26  3:17  Marine  
  27  3:23  SCV  
  28  3:34  Supply Depot  
  28  3:35  Marine  
  29  3:57  Supply Depot  
  29  4:03  Factory Tech Lab  
  29  4:05  Barracks Reactor  
  29  4:06  SCV x2  
  29  4:07  Orbital Command  
  31  4:15  Barracks  
  31  4:16  Barracks  
  31  4:18  SCV x2  
  31  4:19  Barracks  
  31  4:22  Barracks  
  33  4:29  Starport  
  33  4:30  SCV  
  34  4:33  Cyclone  
  36  5:02  SCV x3  
  39  5:07  Barracks Tech Lab  
  39  5:09  Barracks Reactor  
  39  5:10  Barracks Tech Lab  
  39  5:12  Marine x2  
  39  5:13  Marine  
  42  5:14  SCV x2  
  42  5:15  SCV, Siege Tank  
  48  5:22  Engineering Bay  
  48  5:24  Refinery  
  48  5:26  SCV x2  
  48  5:27  SCV, Supply Depot  
  51  5:29  Supply Depot  
  51  5:30  Marine x3  
  51  5:32  Supply Depot  
  51  5:34  Stimpack  
  54  5:38  SCV  
  54  5:39  Refinery  
  55  5:44  Refinery  
  55  5:47  Marauder  
  55  5:48  Marine x6  
  63  6:00  Concussive Shells  
  63  6:07  Barracks Tech Lab  
  63  6:13  Marine  
  63  6:14  Marine x5  
  69  6:19  Orbital Command  
  69  6:23  SCV x2  
  71  6:29  Missile Turret  
  71  6:31  Marine x3  
  71  6:32  Marine x3  
  77  6:33  Missile Turret  
  77  6:34  Terran Infantry Weapons Level 1  
  77  6:35  SCV x2  
  79  6:42  Marauder  
  79  6:44  Combat Shield  
  79  6:45  Missile Turret  
  81  6:49  Marine x4  
  81  6:50  Marauder x2  
  89  7:01  Medivac  
  89  7:03  Marauder  
  89  7:08  Supply Depot  
  93  7:11  Refinery  
  93  7:12  SCV x3, Marauder x2  
  93  7:13  Refinery  
  100  7:19  Marine  
  101  7:29  SCV x3, Marauder  
  106  7:31  Medivac, Supply Depot  
  108  7:41  SCV  
  109  7:53  SCV x2, Marauder x3  
  109  7:54  Supply Depot  
  117  8:05  SCV  
  115  8:16  Siege Tank  
  109  8:48  Siege Tank  
  79  8:56  Marauder x2  
  79  8:57  Marauder, Marine x3  
  78  9:09  Marine  
  79  9:15  Marine x3  
  82  9:18  Marauder x3  
  82  9:20  Siege Tank  
  82  9:21  Starport Reactor  
  91  9:27  Marine  
  92  9:33  Marine x2  
  94  9:39  Marauder x3  
  100  9:57  Medivac x2  
  104  10:00  Marauder  
  104  10:01  Marauder x2  
  110  10:27  Medivac x2  
  114  10:36  Command Center  
  114  10:59  Command Center  
  107  11:23  Orbital Command  
  107  11:24  Orbital Command  
  107  11:25  Marauder x3  
  110  11:26  Marine  
  110  11:27  Orbital Command, Marine x3  
  113  11:44  Marine x4  
  113  11:47  Marauder x3  
  123  12:02  Marine x4  
  123  12:04  SCV x3  
  123  12:08  Marauder x3  
  136  12:16  SCV x3, Missile Turret x2  
Show
View Real Time Build Order
Export as new Build Order

qqq Protoss - Winner!

Build Orders: Cannon Rush 

Get SALT Encoding   

  12  0:00  Probe  
  13  0:13  Pylon  
  13  0:18  Probe  
  14  0:30  Probe  
  15  0:39  Forge  
  15  0:42  Probe  
  16  0:54  Probe  
  17  1:12  Probe  
  18  1:18  Pylon  
  18  1:25  Probe  
  19  1:27  Pylon  
  19  1:34  Pylon  
  19  1:35  Pylon  
  19  1:36  Pylon  
  19  1:47  Photon Cannon  
  19  1:52  Photon Cannon  
  19  1:56  Photon Cannon  
  19  2:04  Pylon  
  18  2:25  Photon Cannon  
  18  2:29  Photon Cannon  
  18  2:31  Pylon  
  18  2:39  Photon Cannon  
  18  2:52  Photon Cannon  
  18  3:01  Photon Cannon  
  18  3:09  Photon Cannon  
  18  3:23  Photon Cannon  
  18  3:25  Pylon  
  18  3:33  Gateway  
  18  3:45  Probe  
  19  3:55  Gateway  
  19  4:06  Nexus  
  19  4:09  Probe  
  20  4:30  Probe  
  21  4:34  Assimilator  
  21  4:38  Assimilator  
  21  4:42  Probe  
  22  4:54  Probe  
  23  5:06  Probe (Chrono Boost)  
  24  5:10  Cybernetics Core  
  24  5:18  Probe (Chrono Boost)  
  26  5:23  Probe (Chrono Boost)  
  26  5:25  Probe (Chrono Boost)  
  27  5:31  Probe (Chrono Boost)  
  27  5:34  Probe (Chrono Boost)  
  29  5:37  Assimilator  
  29  5:39  Probe (Chrono Boost)  
  29  5:40  Probe (Chrono Boost)  
  29  5:41  Assimilator  
  31  5:45  Probe  
  31  5:47  Probe, Stargate  
  33  5:59  Probe (Chrono Boost)  
  33  6:01  Probe (Chrono Boost)  
  35  6:06  Stargate  
  35  6:10  Probe (Chrono Boost)  
  37  6:12  Probe (Chrono Boost)  
  37  6:15  Probe (Chrono Boost)  
  38  6:23  Probe (Chrono Boost)  
  40  6:26  Probe (Chrono Boost)  
  40  6:30  Probe (Chrono Boost), Phoenix  
  40  6:31  Probe (Chrono Boost), Protoss Air Weapons Level 1  
  44  6:35  Probe  
  45  6:40  Probe  
  46  6:47  Probe  
  47  6:59  Pylon  
  47  7:01  Pylon  
  47  7:06  Pylon  
  47  7:08  Pylon  
  47  7:10  Pylon  
  47  7:11  Pylon  
  47  7:13  Nexus  
  47  7:19  Phoenix (Chrono Boost)  
  47  7:20  Phoenix (Chrono Boost)  
  51  7:33  Photon Cannon  
  51  7:34  Photon Cannon  
  51  7:36  Phoenix (Chrono Boost)  
  51  7:37  Stargate  
  51  7:39  Photon Cannon  
  51  7:41  Pylon  
  53  7:46  Phoenix  
  55  7:59  Phoenix  
  57  8:11  Phoenix  
  59  8:13  Fleet Beacon  
  59  8:18  Pylon  
  59  8:26  Phoenix  
  61  8:28  Phoenix  
  63  8:39  Protoss Air Armor Level 1  
  57  9:34  Carrier x3  
  57  9:36  Probe  
  76  9:40  Assimilator  
  76  9:44  Assimilator  
  76  9:48  Probe  
  77  9:56  Nexus  
  77  9:57  Pylon  
  77  10:01  Probe, Pylon  
  78  10:13  Probe (Chrono Boost)  
  79  10:25  Probe (Chrono Boost)  
  80  10:32  Probe (Chrono Boost)  
  80  10:34  Robotics Facility  
  81  10:38  Tempest, Carrier  
  81  10:39  Probe  
  93  10:51  Probe  
  93  10:53  Carrier  
  100  10:57  Photon Cannon  
  100  11:02  Photon Cannon  
  100  11:06  Photon Cannon  
  100  11:08  Probe x2  
  102  11:20  Probe  
  102  11:21  Probe, Tempest  
  110  11:32  Probe  
  110  11:33  Probe  
  111  11:44  Probe  
  111  11:45  Probe  
  119  11:57  Probe x2  
  119  12:00  Assimilator  
  126  12:03  Assimilator  
  132  12:09  Probe x2  
Tags
 
Add a new tag
Caveats
  • Supply blocks, unpowered buildings, or Contaminate may cause inaccurate times.
  • Supply counts are checked every 10 seconds.